 Dungeon Crawl Stone Soup version 0.20.1-1-g8b1a95d (webtiles) character file.

16447 Charly the Geomancer (level 12, -6/94 HPs)
             Began as a Vine Stalker Earth Elementalist on July 25, 2017.
             Was a Priest of Ashenzari.
             Killed by divine providence
             ... invoked by a meliai
              (14 damage)
             ... on level 14 of the Dungeon.
             The game lasted 01:10:24 (4586 turns).

Charly the Geomancer (VSEE)                         Turns: 4586, Time: 01:10:25

Health: -6/94      AC: 10    Str: 20    XL:     12   Next: 37%
Magic:  0/23       EV: 16    Int: 20    God:    Ashenzari [***...]
Gold:   87         SH:  0    Dex: 16    Spells: 11/25 levels left

rFire    . . .     SeeInvis +   s - +0 short sword (protect) (curse)
rCold    . . .     Gourm    .   (no shield)
rNeg     . . .     Faith    .   n - +1 leather armour {rPois}
rPois    +         Spirit   +   D - +2 helmet {Int+3} (curse)
rElec    .         Reflect  .   (no cloak)
rCorr    .         Harm     .   k - +0 pair of gloves (curse)
MR       +....                  (no boots)
Stlth    ..........             t - amulet of magic regeneration (curse)
Regen    1.1/turn               (no ring)
MPRegen  0.3/turn               (no ring)

@: berserking, very quick
A: fangs 3, slimy green scales 1, regeneration 2, strong 1, magic shield,
antimagic bite, no potion heal 3, rot immunity, MP-powered wands
a: Curse Item, Scrying, Renounce Religion


You were on level 14 of the Dungeon.
You worshipped Ashenzari.
Ashenzari was most pleased with you.
You were not hungry.

You visited 1 branch of the dungeon, and saw 15 of its levels.

You collected 264 gold pieces.
You spent 177 gold pieces at shops.

Inventory:

Hand Weapons
 s - a cursed +0 short sword of protection (weapon)
 v - a +0 scythe
 x - a +2 vampiric rapier
Armour
 k - a cursed +0 pair of gloves (worn)
 l - a +2 pair of gloves
 n - a +1 leather armour of poison resistance (worn)
 r - a +1 troll leather armour
 D - a cursed +2 helmet of intelligence (worn)
Jewellery
 t - a cursed amulet of magic regeneration (around neck)
Wands
 e - a wand of acid (8/15)
 p - a wand of random effects (39/48)
 y - a wand of paralysis (3/24)
 C - a wand of paralysis (12/24)
Scrolls
 a - a scroll of amnesia
 c - 2 scrolls of teleportation
 j - a scroll of immolation
 m - 3 scrolls of fog
 B - a scroll of enchant armour
Potions
 b - a potion of haste
 d - a potion of agility
 h - a potion of heal wounds {unknown}
 o - a potion of might
 q - a potion of flight
 u - 5 potions of curing
 w - a potion of cancellation {exp?}
 z - a potion of resistance {unknown}
Comestibles
 f - a bread ration
 g - 5 meat rations


   Skills:
 + Level 7.2 Fighting
 + Level 7.2(10.2) Short Blades
 - Level 3.0 Armour
 + Level 6.0 Dodging
 - Level 2.4 Stealth
 - Level 7.1 Spellcasting
 - Level 4.9 Conjurations
 - Level 1.0 Transmutations
 - Level 12.0 Earth Magic


You had 11 spell levels left.
You knew the following spells:

 Your Spells              Type           Power        Failure   Level  Hunger
a - Stone Arrow           Conj/Erth      #####.       1%          3    #......
b - Sandblast             Erth           ######       1%          1    None
d - Lee's Rapid Deconstr  Erth           ######....   1%          5    #####..
A - Ozocubu's Armour      Chrm/Ice       #.......     32%         3    #......
P - Passwall              Tmut/Erth      ####......   1%          2    None


Dungeon Overview and Level Annotations

Branches:
Dungeon (15/15)              Lair (0/6) D:8             Orc (0/2) D:11
 Vaults (0/5) D:13
 Temple: D:4-7       Depths: D:15

Altars:
Ashenzari
Cheibriados
Elyvilon
Fedhas
Gozag
Trog
Uskayaw
Vehumet
Beogh

Shops:
D:4 [   D:9 *   D:14 *

Annotations:
D:5 Dowan
D:8 equalderp2856's ghost, novice MiFi
D:11 vineage's ghost, journeyman MiFi


Innate Abilities, Weirdness & Mutations

You have razor-sharp teeth.
You heal very quickly.
When hurt, damage is shared between your health and your magic reserves.
Your bite disrupts and absorbs the magic of your enemies.
Potions cannot restore your health.
You are immune to rotting.
You are partially covered in slimy green scales. (AC +2)
Your muscles are strong. (Str +2)
You expend magic power (3 MP) to strengthen your wands.


Message History

Something smites you!
* * * LOW HITPOINT WARNING * * *
Casting: Stone Arrow
Confirm with . or Enter, or press ? or * to list all spells.
Aiming: Stone Arrow
Press: ? - help, Shift-Dir - straight line, f/p - meliai
Aim: a meliai, wielding a war axe and wearing a leather armour (almost dead)
The stone arrow misses the meliai.
The meliai hits you with a war axe.
* * * LOW HITPOINT WARNING * * *
The meliai stings you.
* * * LOW HITPOINT WARNING * * *
Unknown command.
A red film seems to cover your vision as you go berserk!
You feel yourself moving faster!
You feel mighty!
The meliai calls down the wrath of its god upon you.
Something smites you!
* * * LOW HITPOINT WARNING * * *
The meliai calls down the wrath of its god upon you.
Something smites you!
You die...

#.................$............
#...........[..................
#..............................
#............#รท#######'########
#............#..#..............
#............#..'..............
#............#####'###[..######
#.......#####........#######.##
######### #.@......#.......'.
#>y......#.......#.
######........######+###
#......#'######...##..##
#....#).<............... ****
#....#..................
.........#....<.............
.........+..................
..........##########.####'###


You could see a meliai.

Vanquished Creatures
  3 two-headed ogres
  A deep elf mage (D:14)
  2 ugly things
  3 centaur zombies
  2 gargoyles
  3 kobold demonologists (D:13)
  4 trolls
  Grinder (D:5)
  Sigmund (D:5)
  24 yaks
  A human (D:8)
  2 hungry ghosts
  Eustachio (D:5)
  3 hogs
  11 vampire mosquitoes
  An acid dragon (D:12)
  A hell hound (D:12)
  Duvessa (D:5)
  2 black bears
  4 orc warriors
  2 ice beasts
  3 eyes of draining (D:9)
  A necrophage (D:8)
  3 ogres
  A phantom (D:8)
  4 sky beasts
  A centaur (D:9)
  2 big kobolds (D:13)
  2 bullfrogs
  A gnoll sergeant (D:11)
  2 scorpions
  A howler monkey (D:6)
  7 wights (D:9)
  4 crimson imps
  3 jellies
  5 orc wizards
  3 hounds
  5 orc priests
  3 centaur skeletons
  5 worker ants
  2 hound zombies
  A hound skeleton (D:9)
  A howler monkey zombie (D:9)
  10 gnolls
  10 adders
  2 shadow imps
  An ooze (D:5)
  The ghost of equalderp2856 the Sneak, a weakling FoAs (D:12)
  5 leopard geckos
  32 orcs
  2 bats
  6 giant cockroaches
  2 goblins
  3 hobgoblins
  10 jackals
  4 quokkas
  4 frilled lizards
  6 kobolds
  A quokka zombie (D:4)
  4 rats
236 creatures vanquished.

Vanquished Creatures (others)
  A bullfrog (D:11)
1 creature vanquished.

Grand Total: 237 creatures vanquished

Notes
Turn   | Place    | Note
-------+----------+-------------------------------------------
     0 | D:1      | Charly the Vine Stalker Earth Elementalist began the quest for the Orb.
     0 | D:1      | Reached XP level 1. HP: 9/9 MP: 4/4
    19 | D:1      | Found a shattered altar of Ashenzari.
    26 | D:1      | Became a worshipper of Ashenzari the Shackled
    58 | D:2      | Reached XP level 2. HP: 13/13 MP: 4/6
   195 | D:2      | Reached skill level 4 in Earth Magic
   195 | D:2      | Reached XP level 3. HP: 16/16 MP: 4/7
   200 | D:2      | Learned a level 3 spell: Stone Arrow
   448 | D:3      | Noticed a dagger
   449 | D:3      | Noticed a hand axe
   452 | D:3      | Found a hide-covered altar of Uskayaw.
   490 | D:3      | Gained mutation: Your natural rate of healing is unusually fast. [Vine Stalker growth]
   490 | D:3      | Reached XP level 4. HP: 16/21 MP: 5/8
   630 | D:5      | Entered Level 5 of the Dungeon
   653 | D:4      | Reached skill level 1 in Conjurations
   653 | D:4      | Reached skill level 5 in Earth Magic
   681 | D:4      | Found Dicaic's Armour Shop.
   715 | D:5      | Reached * piety under Ashenzari
   715 | D:5      | Noticed a sky beast
   786 | D:5      | Reached XP level 5. HP: 24/24 MP: 4/9
   825 | D:5      | Found a snail-covered altar of Cheibriados.
   847 | D:6      | Found a white marble altar of Elyvilon.
   889 | D:6      | Reached XP level 6. HP: 28/28 MP: 6/11
   896 | D:6      | Learned a level 5 spell: Lee's Rapid Deconstruction
  1021 | D:6      | Learned a level 2 spell: Passwall
  1029 | D:6      | Noticed a sky beast
  1046 | D:6      | Killed a sky beast
  1046 | D:6      | Reached skill level 6 in Earth Magic
  1049 | D:6      | Gained mutation: You expend magic power (3 MP) to strengthen your wands. [mutagenic meat]
  1050 | D:6      | Gained mutation: You are partially covered in slimy green scales. (AC +2) [mutagenic meat]
  1051 | D:6      | Gained mutation: Scrolls take you a little longer to read. [mutagenic meat]
  1070 | D:5      | Noticed Dowan
  1072 | D:6      | Reached XP level 7. HP: 32/32 MP: 2/12
  1134 | D:6      | Reached skill level 7 in Earth Magic
  1232 | D:5      | Noticed Sigmund
  1232 | D:5      | Noticed Eustachio
  1241 | D:5      | Killed Sigmund
  1251 | D:5      | Noticed Grinder
  1286 | D:5      | Paralysed by Grinder for 6 turns
  1307 | D:5      | Paralysed by Grinder for 4 turns
  1311 | D:5      | Killed Grinder
  1311 | D:5      | Gained mutation: You have razor-sharp teeth. [Vine Stalker growth]
  1311 | D:5      | Reached XP level 8. HP: 16/36 MP: 0/15
  1384 | D:5      | Killed Eustachio
  1426 | D:5      | Noticed Duvessa
  1537 | D:5      | Killed Duvessa
  1537 | D:5      | Reached skill level 5 in Spellcasting
  1537 | D:5      | Reached skill level 8 in Earth Magic
  1681 | D:8      | Reached skill level 9 in Earth Magic
  1695 | D:8      | Noticed equalderp2856's ghost (novice MiFi)
  1741 | D:7      | Found a radiant altar of Vehumet.
  1785 | D:7      | Noticed a yak
  1786 | D:7      | Reached XP level 9. HP: 39/39 MP: 10/17
  1928 | D:8      | Reached ** piety under Ashenzari
  1952 | D:8      | Reached skill level 10 in Earth Magic
  1962 | D:8      | Noticed a manticore
  2018 | D:8      | Found a staircase to the Lair.
  2168 | D:9      | Learned a level 3 spell: Ozocubu's Armour
  2187 | D:9      | Noticed a troll
  2192 | D:9      | Killed a troll
  2192 | D:9      | Reached skill level 11 in Earth Magic
  2222 | D:9      | Reached XP level 10. HP: 44/44 MP: 8/21
  2346 | D:10     | Entered Level 10 of the Dungeon
  2373 | D:9      | Reached skill level 12 in Earth Magic
  2406 | D:9      | Reached skill level 1 in Fighting
  2406 | D:9      | Reached skill level 1 in Short Blades
  2450 | D:9      | Found a blossoming altar of Fedhas.
  2624 | D:9      | Found a bloodstained altar of Trog.
  2722 | D:9      | Found an opulent altar of Gozag.
  2726 | D:9      | Found Gozag's Platinum Reserve.
  2815 | D:10     | Noticed a two-headed ogre
  2820 | D:10     | Killed a two-headed ogre
  3141 | D:11     | Reached XP level 11. HP: 52/53 MP: 15/22
  3184 | D:12     | Noticed a two-headed ogre
  3191 | D:12     | Killed a two-headed ogre
  3191 | D:12     | Reached skill level 5 in Short Blades
  3203 | D:12     | Reached skill level 5 in Fighting
  3206 | D:12     | Noticed a white ugly thing
  3211 | D:12     | Killed a white ugly thing
  3243 | D:11     | Found a roughly hewn altar of Beogh.
  3243 | D:11     | Found a staircase to the Orcish Mines.
  3385 | D:11     | Noticed vineage's ghost (journeyman MiFi)
  3454 | D:11     | Noticed a two-headed ogre
  3462 | D:11     | Killed a two-headed ogre
  3488 | D:11     | Noticed an eight-headed hydra
  3543 | D:11     | Noticed a four-headed hydra
  3703 | D:12     | Noticed equalderp2856's ghost (weakling FoAs)
  3712 | D:12     | Killed equalderp2856's ghost
  3793 | D:13     | Reached *** piety under Ashenzari
  3795 | D:13     | Found a gate to the Vaults.
  3795 | D:13     | Noticed a two-headed ogre
  3814 | D:13     | Reached skill level 1 in Armour
  3910 | D:13     | Reached skill level 5 in Dodging
  4037 | D:13     | Gained mutation: You heal very quickly. [Vine Stalker growth]
  4037 | D:13     | Reached XP level 12. HP: 50/62 MP: 11/23
  4159 | D:14     | Found Cepheono's General Store.
  4168 | D:14     | Bought 17 stones for 23 gold pieces
  4168 | D:14     | Bought a scroll of identify for 28 gold pieces
  4168 | D:14     | Bought a scroll of remove curse for 42 gold pieces
  4168 | D:14     | Bought a scroll of teleportation for 42 gold pieces
  4168 | D:14     | Bought a potion of curing for 42 gold pieces
  4251 | D:15     | Entered Level 15 of the Dungeon
  4398 | D:14     | Gained mutation: Your muscles are strong. (Str +2) [mutagenic meat]
  4399 | D:14     | Lost mutation: Scrolls take you a little longer to read. [mutagenic meat]
  4442 | D:14     | Noticed a centaur warrior
  4579 | D:15     | Noticed a two-headed ogre
  4579 | D:15     | Noticed a two-headed ogre
  4579 | D:15     | Noticed a two-headed ogre
  4579 | D:15     | Noticed a two-headed ogre
  4580 | D:15     | Noticed an ogre mage
  4586 | D:14     | Killed from afar by a meliai

Skill      XL: |  1  2  3  4  5  6  7  8  9 10 11 12 |
---------------+-------------------------------------+-----
Earth Magic    | 4 5 6 7 9 11 12 | 12.0
Conjurations   | 1 2 3 4 |  4.9
Spellcasting   | 3 4 5 6 7 |  7.1
Fighting       | 4 6 7 |  7.2
Short Blades   | 4 6 7 |  7.2
Dodging        | 2 5 6 |  6.0
Armour         | 2 3 |  3.0
Stealth        | |  2.4
Transmutations | |  1.0

Action                   |  1- 3 |  4- 6 |  7- 9 | 10-12 || total
-------------------------+-------+-------+-------+-------++-------
Melee: Unarmed           |    18 |    17 |       |       ||    35
       Bite              |     7 |    16 |    18 |    84 ||   125
       Short sword       |       |    44 |    86 |   231 ||   361
 Cast: Sandblast         |    28 |    50 |    39 |    96 ||   213
       Stone Arrow       |     1 |     4 |    38 |    70 ||   113
       Lee's Rapid Decon |       |       |     6 |    61 ||    67
       Passwall          |       |       |     2 |    14 ||    16
Invok: Curse Item        |       |       |     1 |     2 ||     3
       Scrying           |       |       |       |     1 ||     1
Evoke: Wand              |       |       |       |     1 ||     1
  Use: Scroll            |       |       |    13 |     7 ||    20
       Potion            |       |       |       |     2 ||     2
 Stab: Sleeping          |     1 |       |     2 |     3 ||     6
  Eat: Fruit             |     1 |       |       |       ||     1
       Chunk             |       |     5 |     3 |    18 ||    26
       Royal jelly       |       |       |     5 |     4 ||     9
       Bread ration      |       |       |     1 |     2 ||     3
Armor: Robe              |     5 |    21 |    39 |    15 ||    80
       Leather armour    |       |       |       |    70 ||    70
Dodge: Dodged            |    14 |    52 |    70 |   181 ||   317
